cohdb
Replays
Latest Replays
All Replays
Popular Replays
Top Player Replays
Match Explorer
How It Works
Community
CoH3 Stats
Reddit
Sign in to upload your games and track your stats! →
Sign in with Steam
Nico Nico Nii vs Oziligath (USF) Vs (DAK)
Match 42660833
Overview
Messages
Build Orders
End
Scout Squad
Construct Barracks
1⁄4-ton 4x4 Truck
Riflemen Squad
Riflemen Squad
Engineer Squad
Infantry Support Center
Construct Weapon Support Center
M3 Armored Personnel Carrier
Selects Heavy Weapons
Selects Assault Carriers
Selects Exchangeable Parts
Construct Medical Station
Riflemen Squad
Grenade Package
Advanced Logistics
Survival Training
M3 Assault Carrier
M3 Assault Carrier
M3 Assault Carrier
M1918 Browning Automatic Rifles
M1919 Machine Gun Team
Riflemen Squad
Engineer Squad
Selects M26 Pershing Heavy Tank
Selects M2HB .50cal Heavy Machine Gun
M26 Pershing Heavy Tank
Engineer Squad
Riflemen Squad
Engineer Squad
Nico-Nico-Nii~~
oziligath
0
0
Comments
sign in to comment!
No comments posted yet!